 Dungeon Crawl Stone Soup version 0.25.1-4-g9407a263a5 (webtiles) character file.

Game seed: 18280612940025320201

22 Clowwww the Chopper (level 2, 0/22 HPs)
             Began as a Demonspawn Gladiator on Nov 27, 2020.
             Was an Initiate of Ashenzari.
             Slain by a gnoll (5 damage)
             ... on level 2 of the Dungeon.
             The game lasted 00:04:16 (1055 turns).

Clowwww the Chopper (Demonspawn Gladiator)          Turns: 1055, Time: 00:04:17

Health: 0/22       AC:  6    Str: 14    XL:     2   Next: 68%
Magic:  2/2        EV: 13    Int:  9    God:    Ashenzari [......]
Gold:   56         SH:  0    Dex: 14    Spells: 1/1 levels left

rFire    . . .     SeeInvis .   a - +0 war axe (curse)
rCold    . . .     Gourm    .   (no shield)
rNeg     . . .     Faith    .   b - +0 leather armour
rPois    .         Spirit   .   c - +0 helmet
rElec    .         Reflect  .   j - +0 cloak
rCorr    .         Harm     .   (no gloves)
MR       .....                  (no boots)
Stlth    +.........             (no amulet)
HPRegen  0.07/turn              (no ring)
MPRegen  0.08/turn              (no ring)

@: confused
A: rugged brown scales 1
a: Curse Item, Renounce Religion


You were on level 2 of the Dungeon.
You worshipped Ashenzari.
Ashenzari was noncommittal.
You were not hungry.

You visited 1 branch of the dungeon, and saw 2 of its levels.

You collected 56 gold pieces.

Inventory:

Hand Weapons
 a - a cursed +0 war axe (weapon)
Missiles
 d - 3 throwing nets (quivered)
Armour
 b - a +0 leather armour (worn)
 c - a +0 helmet (worn)
 j - a +0 cloak (worn)
Scrolls
 i - a scroll of identify {unknown}
 k - 3 scrolls of blinking {unknown}
 m - a scroll of enchant weapon {unknown}
 o - a scroll of teleportation {unknown}
 p - a scroll of enchant armour {unknown}
Potions
 e - a potion of mutation {unknown}
 g - a potion of ambrosia
 h - a potion of flight {unknown}
 n - a potion of curing {unknown}
Comestibles
 f - 2 rations
 l - 2 chunks of flesh


   Skills:
 + Level 2.0 Fighting
 + Level 3.2 Axes
 + Level 1.8 Throwing
 + Level 0.5 Armour
 + Level 2.9 Dodging
 + Level 0.1 Stealth


You had one spell level left.
You didn't know any spells.
Your spell library was empty.

Dungeon Overview and Level Annotations

Branches:
Dungeon (2/15)

Altars:
Ashenzari
Okawaru


Innate Abilities, Weirdness & Mutations

You are partially covered in rugged brown scales. (AC +1, +3% HP)


Message History

The gnoll throws a stone.
The stone closely misses you.
You see here a stone.
The gnoll misses you.
You see here 3 stones.
You hit the gnoll but do no damage.
The gnoll is moderately wounded.
The gnoll hits you.
You hit the gnoll.
The gnoll is moderately wounded.
The gnoll closely misses you.
You hit the gnoll but do no damage.
The gnoll is moderately wounded.
The gnoll hits you!
* * * LOW HITPOINT WARNING * * *
It was a potion of ambrosia.
You are confused.
You feel invigorated.
The kobold throws a stone.
The stone hits you.
* * * LOW HITPOINT WARNING * * *
The gnoll hits you.
You die...

#.#.....# ##_##
#.#.#.####### .≈.≈#
#.#...#.....###≈.≈.
#.#####.###.# .≈.≈##
#.......# #.###≈.≈.
############.##.≈.≈##
..........÷...##≈gK.#
######.##########g##
...#.........(@g.#
#.#'###.......#.#
#..........(.(#.#
#......(#####.#.#
#.............#.#
#......######.#.#
#(.....+........#
#......######.###
##.#.............#


You could see 2 gnolls, a goblin and a kobold.

Vanquished Creatures
  2 dart slugs (D:1)
  A leopard gecko (D:2)
  3 bats
  2 giant cockroaches (D:1)
  A goblin (D:1)
  5 kobolds
  3 rats (D:1)
17 creatures vanquished.

Notes
Turn   | Place    | Note
-------+----------+-------------------------------------------
     0 | D:1      | Clowwww the Demonspawn Gladiator began the quest for the
                  | Orb.
     0 | D:1      | Reached XP level 1. HP: 16/16 MP: 1/1
    59 | D:1      | Found a shattered altar of Ashenzari.
    79 | D:1      | Became a worshipper of Ashenzari the Shackled
   293 | D:1      | Gained mutation: You are partially covered in rugged brown
                  | scales. (AC +1, +3% HP) [demonic ancestry]
   293 | D:1      | Reached XP level 2. HP: 15/22 MP: 2/2
   596 | D:1      | Reached skill level 3 in Axes
  1046 | D:2      | Found an iron altar of Okawaru.
  1055 | D:2      | Slain by a gnoll

Illustrated notes

Levels and vault maps discovered:
D:1:      heliophobic_arrival_henge, layout_loops_ring,
          chequers_serial_rivers_small_a, evilmike_ruin_ashenzari
D:2:      layout_basic, okawaru_altar_gauntlet_db

Skill      XL: |  1  2 |
---------------+-------+-----
Axes           | 3 |  3.2
Fighting       | |  2.0
Throwing       | |  1.8
Armour         | |  0.5
Dodging        | |  2.9
Stealth        | |  0.1

Action                   || total
-------------------------++-------
Melee: War axe           ||    53
Invok: Curse Item        ||     1
  Use: Potion            ||     1
Armor: Leather armour    ||    25
Dodge: Dodged            ||    44
